 Dungeon Crawl Stone Soup version 0.24.0-13-gcf9b319 (webtiles) character file.

Game seed: 1853450605727677169, levelgen mode: deterministic

5548 mikeeeym the Spear-Bearer (level 10, 0/76 HPs)
             Began as a Merfolk Ice Elementalist on Nov 24, 2019.
             Was a High Priest of Okawaru.
             Succumbed to a spiny frog's poison
             ... on level 1 of the Lair of Beasts.
             The game lasted 00:39:10 (11180 turns).

mikeeeym the Spear-Bearer (MfIE)                   Turns: 11180, Time: 00:39:10

Health: 0/76       AC:  9    Str: 13    XL:     10   Next: 71%
Magic:  38/39      EV: 22    Int: 20    God:    Okawaru [*****.]
Gold:   243        SH:  0    Dex: 18    Spells: 4/22 levels left

rFire    . . .     SeeInvis +   t - +4 trident (flame)
rCold    . . .     Gourm    .   (no shield)
rNeg     . . .     Faith    .   p - +2 robe
rPois    +         Spirit   .   i - +3 hat of Pondering {ponderous, MR+ MP+10 Int+5}
rElec    .         Reflect  .   v - +0 cloak {rPois}
rCorr    .         Harm     .   (no gloves)
MR       +....     Clarity  +   (no boots)
Stlth    ++++......             (no amulet)
HPRegen  0.22/turn              w - ring of wizardry
MPRegen  0.26/turn              A - ring of magical power

@: mighty, lethally poisoned (0 -> -2), heroism, very slightly contaminated,
invisible, slow
A: change form in water, swift swim, stealthy swim, rugged brown scales 1, see
invisible, clarity
a: Heroism, Finesse, Renounce Religion


You were on level 1 of the Lair of Beasts.
You worshipped Okawaru.
Okawaru was extremely pleased with you.
You were not hungry.

You visited 2 branches of the dungeon, and saw 9 of its levels.

You collected 577 gold pieces.
You spent 334 gold pieces at shops.

Inventory:

Hand Weapons
 a - a +0 hunting sling
 b - a +0 club
 s - a +0 short sword of holy wrath
 t - a +4 trident of flaming (weapon)
Missiles
 f - 275 stones
 x - 10 poisoned darts
 z - 7 boomerangs (quivered)
 D - 2 throwing nets
Armour
 i - the +3 hat of Pondering (worn) {ponderous, MR+ MP+10 Int+5}
   (You took it off Gastronok on level 8 of the Dungeon)

   It affects your intelligence (+5).
   It affects your resistance to hostile enchantments.
   It affects your magic capacity (+10).
 p - a +2 robe (worn)
 v - a +0 cloak of poison resistance (worn)
Jewellery
 k - an uncursed amulet of faith {unknown}
 w - a ring of wizardry (left hand)
 A - a ring of magical power (right hand)
 B - an uncursed amulet of guardian spirit
Wands
 l - a wand of paralysis (6)
 r - a wand of polymorph (14)
Scrolls
 d - 3 scrolls of teleportation
 e - a scroll of amnesia
 m - 2 scrolls of enchant armour
 y - 4 scrolls of remove curse
Potions
 g - a potion of invisibility
 h - a potion of brilliance
 j - a potion of flight
 n - a potion of agility
 u - 2 potions of haste
Comestibles
 c - 22 rations


   Skills:
 - Level 5.0(10.0) Fighting
 - Level 9.1(14.1) Polearms
 - Level 7.2(12.2) Dodging
 - Level 3.4(8.4) Stealth
 * Level 6.8 Spellcasting
 - Level 0.7 Conjurations
 * Level 7.0 Hexes
 - Level 1.8 Summonings
 + Level 7.8 Ice Magic


You had 4 spell levels left.
You knew the following spells:

 Your Spells              Type           Power        Failure   Level  Hunger
a - Freeze                Ice            ####         1%          1    None
b - Throw Frost           Conj/Ice       ###...       1%          2    None
c - Confuse               Hex            #####...     1%          3    #......
d - Metabolic Englaciati  Hex/Ice        #####.....   4%          5    #####..
e - Summon Ice Beast      Ice/Summ       ####....     5%          4    ###....
f - Ozocubu's Armour      Chrm/Ice       ###.....     2%          3    #......

Your spell library contained the following spells:

 Spells                   Type           Power        Failure   Level  Hunger
 Confusing Touch          Hex            #####.       1%          1    None
 Throw Icicle             Conj/Ice       ###.....     6%          4    ###....
 Gell's Gravitas          Tloc           #.........   12%         3    #......
 Petrify                  Tmut/Erth      #.......     34%         4    ###....
 Yara's Violent Unravell  Hex/Tmut       ###.......   24%         5    #####..
 Irradiate                Conj/Tmut      #.........   65%         5    #####..
 Hydra Form               Tmut           #.........   99%         6    ######.
 Statue Form              Tmut/Erth      #........    99%         6    ######.
 Dragon Form              Tmut           #.........   100%        7    #######


Dungeon Overview and Level Annotations

Branches:
Dungeon (8/15)             Temple (0/1) D:4            Lair (1/6) D:8

Altars:
Dithmenos
Fedhas
Gozag
Hepliaklqana
Kikubaaqudgha
Makhleb
Okawaru
Ru
Trog
Uskayaw
Wu Jian

Shops:
D:5 =   D:7 !   D:8 !

Annotations:
D:5 ring shop 1200 gold
D:6 3 runed translucent doors, Crazy Yiuf; wampuh's ghost, amateur DrSk


Innate Abilities, Weirdness & Mutations

You revert to your normal form in water.
You are very nimble and swift while swimming.
You are very stealthy in the water. (Stealth+)
You are partially covered in rugged brown scales. (AC +1, +3% HP)
You have supernaturally acute eyesight. (SInv)
You possess an exceptional clarity of mind.


Message History

Okay, then.
Okay, then.
You fail to use your ability.
* * * LOW HITPOINT WARNING * * *
You feel sick. The spiny frog barely misses you.
You gain the combat prowess of a mighty hero.
* * * LOW HITPOINT WARNING * * *
You feel sick.
You puncture the spiny frog! You burn the spiny frog.
You kill the spiny frog!
Okawaru accepts your kill.
Your Hexes skill increases to level 7!
* * * LOW HITPOINT WARNING * * *
You feel sick.
Really quaff the potion of mutation?
You feel extremely strange. The antennae on your head shrink away.
Your molten scales disappear.
Your vision sharpens.
Your thoughts seem clearer.
Rugged brown scales grow over part of your body.
You die...

#≈≈≈≈≈ ♣≈≈≈≈♣♣ ♣≈PP≈≈♣#
#♣≈.≈PP≈# #......≈# #
#########.....###########
.........................
#.....##.###P..##.......
#.....#@........#.......
+.................###.##
#....†#.........#.#.....
#.....#.........#.#.....
.................#.#.....
##...............#.'.....
#.....#...........#.....
#.....#+###.####..#.....
#..... .........######


There were no monsters in sight!

Vanquished Creatures
  Gastronok (D:8)
  Maurice (D:8)
  A spiny frog (Lair:1)
  A komodo dragon (D:8)
  A hornet (D:8)
  A hippogriff (D:8)
  A wyvern (D:8)
  Menkaure (D:5)
  A sky beast (D:8)
  An ice beast (D:8)
  An orc warrior (D:7)
  3 ogres (D:8)
  3 centaurs
  A bullfrog (D:8)
  2 scorpions
  7 killer bees
  2 crimson imps
  2 centaur zombies
  3 hounds
  An orc priest (D:3)
  2 orc wizards
  A bullfrog skeleton (D:7)
  Jessica (D:2)
  An iguana (D:4)
  5 worker ants
  2 hound skeletons
  A howler monkey skeleton (D:6)
  17 adders
  A shadow imp (D:8)
  2 oozes (D:1)
  An adder zombie (D:6)
  4 worms
  3 dart slugs
  19 orcs
  4 giant cockroaches
  10 hobgoblins
  8 jackals
  3 quokkas
  2 ball pythons (D:3)
  5 bats
  4 frilled lizards
  7 goblins
  A jackal zombie (D:5)
  5 kobolds
  A leopard gecko zombie (D:6)
  7 rats
  A plant (D:8)
153 creatures vanquished.

Vanquished Creatures (collateral kills)
  2 hippogriffs
  Eustachio (D:5)
  A necrophage (D:8)
  A bullfrog zombie (D:7)
  An orc wizard (D:5)
  3 gnolls (D:7)
  A shadow imp (D:7)
  An orc (D:5)
11 creatures vanquished.

Vanquished Creatures (others)
  A human (D:2)
  A plant (D:8)
2 creatures vanquished.

Grand Total: 166 creatures vanquished

Notes
Turn   | Place    | Note
-------+----------+-------------------------------------------
     0 | D:1      | mikeeeym the Merfolk Ice Elementalist began the quest for
                  | the Orb.
     0 | D:1      | Reached XP level 1. HP: 13/13 MP: 3/3
   183 | D:1      | Reached XP level 2. HP: 13/20 MP: 0/5
   187 | D:1      | Learned a level 2 spell: Throw Frost
   207 | D:1      | Reached skill level 1 in Fighting
   746 | D:1      | Reached XP level 3. HP: 26/26 MP: 0/6
  1470 | D:2      | Noticed Jessica
  1485 | D:2      | Killed Jessica
  1485 | D:2      | Reached XP level 4. HP: 33/33 MP: 3/7
  1851 | D:2      | Found a faded altar of an unknown god.
  2053 | D:2      | Found an ancient bone altar of Kikubaaqudgha.
  2065 | D:2      | Noticed a human
  2066 | D:2      | Killed a human
  2591 | D:3      | Learned a level 4 spell: Summon Ice Beast
  2684 | D:3      | Reached XP level 5. HP: 26/39 MP: 6/8
  2759 | D:3      | Reached skill level 1 in Summonings
  2813 | D:3      | Found a shadowy altar of Dithmenos.
  2828 | D:3      | Found a blossoming altar of Fedhas.
  2829 | D:3      | Found a sacrificial altar of Ru.
  2829 | D:3      | Found a hazy altar of Hepliaklqana.
  2830 | D:3      | Found an iron altar of Okawaru.
  2831 | D:3      | Found an opulent altar of Gozag.
  2933 | D:3      | Became a worshipper of Warmaster Okawaru
  3363 | D:3      | Reached skill level 2 in Polearms
  3363 | D:3      | Reached XP level 6. HP: 19/46 MP: 0/10
  3578 | D:3      | Found a burning altar of Makhleb.
  3854 | D:3      | Reached skill level 3 in Polearms
  4237 | D:4      | Reached skill level 4 in Polearms
  4358 | D:4      | Reached * piety under Okawaru
  4777 | D:4      | Found a staircase to the Ecumenical Temple.
  4805 | D:4      | Reached skill level 5 in Polearms
  4824 | D:4      | Learned a level 3 spell: Ozocubu's Armour
  5200 | D:5      | Entered Level 5 of the Dungeon
  5258 | D:5      | Reached XP level 7. HP: 51/51 MP: 7/11
  5301 | D:5      | Noticed Menkaure
  5310 | D:5      | Killed Menkaure
  5310 | D:5      | Reached skill level 6 in Polearms
  5541 | D:5      | Found Gycum's Jewellery Boutique.
  5558 | D:5      | Noticed Eustachio
  5580 | D:5      | Killed Eustachio
  6022 | D:5      | Reached skill level 7 in Polearms
  6180 | D:5      | Reached skill level 5 in Dodging
  6304 | D:6      | Found a hide-covered altar of Uskayaw.
  6473 | D:6      | Found a large runed translucent door.
  6473 | D:6      | Found a large runed translucent door.
  6517 | D:6      | Reached XP level 8. HP: 60/60 MP: 12/12
  6657 | D:6      | Found a runed translucent door.
  6658 | D:6      | Noticed Crazy Yiuf
  6727 | D:6      | Noticed wampuh's ghost (amateur DrSk)
  7305 | D:7      | Reached ** piety under Okawaru
  7305 | D:7      | Reached skill level 8 in Polearms
  7325 | D:7      | Found Riyqoch's Distillery.
  7333 | D:7      | Noticed a hippogriff
  7348 | D:7      | Killed a hippogriff
  7401 | D:7      | Bought a potion of invisibility for 104 gold pieces
  7401 | D:7      | Bought a potion of haste for 130 gold pieces
  7448 | D:7      | Reached skill level 9 in Polearms
  7944 | D:7      | Identified the +1 rapier of the Yoke {pierce, rF++}
  7953 | D:7      | Reached skill level 5 in Fighting
  7974 | D:7      | Learned a level 3 spell: Confuse
  8263 | D:8      | Noticed Gastronok
  8264 | D:8      | Noticed a hornet
  8297 | D:8      | Noticed Maurice
  8309 | D:8      | Killed Maurice
  8309 | D:8      | Reached *** piety under Okawaru
  8309 | D:8      | Reached skill level 1 in Hexes
  8309 | D:8      | Reached skill level 5 in Ice Magic
  8309 | D:8      | Reached XP level 9. HP: 55/68 MP: 14/14
  8588 | D:8      | Found a staircase to the Lair.
  8590 | D:8      | Noticed a komodo dragon
  8628 | D:8      | Killed a komodo dragon
  8628 | D:8      | Reached **** piety under Okawaru
  8722 | D:8      | HP: 3/66 [hippogriff (7)]
  9463 | D:8      | Found Fiok's Distillery.
  9695 | D:8      | Bought a potion of heal wounds for 50 gold pieces
  9695 | D:8      | Bought a potion of heal wounds for 50 gold pieces
  9734 | D:8      | Found a bloodstained altar of Trog.
  9945 | D:8      | Killed Gastronok
  9945 | D:8      | Reached XP level 10. HP: 37/74 MP: 19/19
 10147 | D:8      | Learned a level 5 spell: Metabolic Englaciation
 10183 | D:8      | Reached ***** piety under Okawaru
 10858 | D:8      | Found an ornate altar of the Wu Jian Council.
 11081 | Lair:1   | Entered Level 1 of the Lair of Beasts
 11159 | Lair:1   | Noticed a spiny frog
 11172 | Lair:1   | HP: 3/74 [poisoned by a spiny frog]
 11174 | Lair:1   | Gained mutation: You are partially covered in molten
                  | scales. (AC +2) [potion of mutation]
 11174 | Lair:1   | Gained mutation: You have a pair of small antennae on your
                  | head. [potion of mutation]
 11176 | Lair:1   | HP: 1/74 [poisoned by a spiny frog]
 11177 | Lair:1   | Killed a spiny frog
 11180 | Lair:1   | Lost mutation: You have a pair of small antennae on your
                  | head. [potion of mutation]
 11180 | Lair:1   | Lost mutation: You are partially covered in molten scales.
                  | (AC +2) [potion of mutation]
 11180 | Lair:1   | Gained mutation: You have supernaturally acute eyesight.
                  | (SInv) [potion of mutation]
 11180 | Lair:1   | Gained mutation: You possess an exceptional clarity of
                  | mind. [potion of mutation]
 11180 | Lair:1   | Gained mutation: You are partially covered in rugged brown
                  | scales. (AC +1, +3% HP) [potion of mutation]
 11180 | Lair:1   | Succumbed to a spiny frog's poison

Levels and vault maps discovered:
D:1:      wander_arrival_lonely_grave, layout_rooms
D:2:      wander_river, layout_basic, chequers_ecumenical_altar_simple,
          minivault_26, hangedman_decor_riveting, hangedman_decor_peaks_small,
          tgw_kikubaaqudgha, uniq_jessica
D:3:      minmay_door_path, layout_loops_ring, nicolae_overflow_hidden_temple,
          grunt_temple_overflow_open
D:4:      layout_basic, minmay_temple_entry_offerings, serial_corexii_hall,
          corexii_hall_statues_i, chequers_hall_statues_wall_a,
          chequers_hall_statues_corner_a, chequers_hall_statues_y
D:5:      layout_basic, serial_shops, shop, first_ration, uniq_menkaure,
          uniq_eustachio
D:6:      layout_basic, eat_drink_and_be_merry_uskayaw,
          ebering_ghost_disaster_area, minmay_misc_feat_roman,
          uniq_crazy_yiuf_cottage
D:7:      layout_cave_pools, serial_shops, shop
D:8:      layout_loops_ring, marbit_many_paths, old_standard_altar,
          david_lair_shrubbed, serial_shops, shop, grunt_ogre_cave,
          uniq_maurice, uniq_gastronok
Lair:1:   layout_regular_city, infiniplex_staircase_pool, serial_bayou_shore_b

Skill      XL: |  1  2  3  4  5  6  7  8  9 10 |
---------------+-------------------------------+-----
Fighting       | 1 2 4 5 |  5.0
Dodging        | 3 5 6 7 |  7.2
Ice Magic      | 4 5 7 |  7.8
Summonings     | 1 |  1.8
Polearms       | 2 5 7 9 |  9.1
Stealth        | 3 |  3.4
Spellcasting   | 3 6 |  6.8
Hexes          | 1 6 7 |  7.0
Conjurations   | |  0.7

Action                   |  1- 3 |  4- 6 |  7- 9 | 10-12 || total
-------------------------+-------+-------+-------+-------++-------
Melee: Club              |    18 |     5 |       |       ||    23
       Trident           |       |    65 |   224 |    16 ||   305
 Fire: Hunting sling     |       |    85 |       |       ||    85
Throw: Boomerang         |     8 |       |     3 |       ||    11
       Stone             |       |     2 |       |       ||     2
 Cast: Freeze            |    32 |    83 |    72 |    23 ||   210
       Throw Frost       |     4 |    22 |     9 |       ||    35
       Summon Ice Beast  |       |       |    17 |       ||    17
       Confuse           |       |       |    13 |       ||    13
       Metabolic Englaci |       |       |       |     3 ||     3
       Ozocubu's Armour  |       |       |       |     1 ||     1
Invok: Heroism           |       |       |     2 |     1 ||     3
  Use: Scroll            |       |    12 |    12 |       ||    24
       Potion            |       |       |    10 |     5 ||    15
 Stab: Sleeping          |     1 |     5 |     7 |     2 ||    15
       Distracted        |       |       |     1 |       ||     1
       Confused          |       |       |     5 |       ||     5
  Eat: Chunk             |     2 |    14 |     8 |     1 ||    25
       Ration            |       |       |     4 |     1 ||     5
Armor: Robe              |     7 |     7 |    27 |    12 ||    53
       Skin              |       |       |    31 |       ||    31
Dodge: Dodged            |    37 |    69 |   229 |    33 ||   368
